 Dungeon Crawl Stone Soup version 0.28-a0-1518-gbe868bca14 (webtiles) character file.

Game seed: 6859900846851859762

13585 manyhoops the Summoner (level 11, -4/40 HPs)
             Began as a Felid Summoner on Jan 16, 2022.
             Was an Initiate of Gozag.
             Slain by a wolf (11 damage)
             ... on level 2 of the Lair of Beasts on June 28, 2022.
             The game lasted 00:50:11 (19609 turns).

manyhoops the Summoner (Felid Summoner)            Turns: 19609, Time: 00:50:12

Health: -4/40      AC:  2    Str:  4    XL:     11   Next: 77%
Magic:  33/33      EV: 41    Int: 27    God:    Gozag
Gold:   2895       SH:  0    Dex: 17    Spells: 4/26 levels left
                                        Lives:  0   Deaths: 3

rFire   . . .      SeeInvis +   (weapon unavailable)
rCold   . . .      Faith    .   (shield unavailable)
rNeg    . . .      Spirit   .   (armour unavailable)
rPois   .          Reflect  .   (helmet unavailable)
rElec   .          Harm     .   (cloak unavailable)
rCorr   .          Rampage  .   (gloves unavailable)
Will    +....                   (boots unavailable)
Stlth   ++........              r - amulet of the acrobat
HPRegen 0.13/turn               b - ring of magical power
MPRegen 0.23/turn               d - +6 ring of intelligence

@: acrobatic, studying Dodging, quick
A: very small, claws 1, fangs 3, see invisible, speed 1, shaggy fur 2, stealthy
paws, no weapons or thrown items, no armour, multi-lived
a: Renounce Religion, Potion Petition, Call Merchant, Bribe Branch


You were on level 2 of the Lair of Beasts.
You worshipped Gozag.
Gozag was most pleased with you.
You visited 2 branches of the dungeon, and saw 12 of its levels.

You collected 3708 gold pieces.
You spent 154 gold pieces at shops.
You paid 659 gold pieces to Gozag.

Inventory:

Jewellery
 b - a ring of magical power (left paw)
 d - a +6 ring of intelligence (right paw)
 e - a ring of ice
 j - a ring of protection from fire
 k - an amulet of regeneration
 m - a +4 ring of protection
 o - a ring of positive energy
 r - an amulet of the acrobat (around neck)
 x - a ring of magical power
 F - an amulet of magic regeneration
 H - a ring of positive energy
Wands
 c - a wand of paralysis (10)
 D - a wand of digging (6)
 G - a wand of polymorph (20)
 I - a wand of iceblast (13)
Scrolls
 f - a scroll of magic mapping
 g - 4 scrolls of noise
 i - a scroll of silence
 n - a scroll of holy word
 p - 3 scrolls of enchant armour
 u - a scroll of summoning
 v - a scroll of immolation
 w - a scroll of enchant weapon {unknown}
 y - a scroll of vulnerability
 z - 2 scrolls of blinking
 E - 3 scrolls of teleportation
 K - 2 scrolls of fear
 L - 2 scrolls of identify
Potions
 a - a potion of haste {unknown}
 h - 3 potions of flight
 l - a potion of lignification {unknown}
 q - a potion of brilliance {unknown}
 s - a potion of might {unknown}
 t - 2 potions of heal wounds
 A - 5 potions of curing
 B - a potion of magic {unknown}
 C - 5 potions of attraction
 J - 2 potions of degeneration {unknown}


   Skills:
 - Level 13.2 Dodging
 - Level 2.6 Stealth
 - Level 8.2 Spellcasting
 - Level 8.2 Hexes
 + Level 14.6 Summonings
 - Level 4.7 Ice Magic
 - Level 6.0 Air Magic


You had 4 spell levels left.
You knew the following spells:

 Your Spells              Type           Power      Damage    Failure   Level
a - Summon Cactus Giant   Summ           37%        N/A       1%          6
b - Ensorcelled Hibernat  Hex/Ice        92%        N/A       1%          2
c - Call Canine Familiar  Summ           74%        N/A       1%          3
d - Summon Guardian Gole  Hex/Summ       64%        N/A       1%          3
e - Summon Lightning Spi  Summ/Air       61%        N/A       1%          4
f - Summon Ice Beast      Ice/Summ       59%        N/A       1%          4

Your spell library contained the following spells:

 Spells                   Type           Power      Damage    Failure   Level
 Summon Small Mammal      Summ           100%       N/A       0%          1
 Call Imp                 Summ           74%        N/A       1%          2
 Confusing Touch          Hex            54%        N/A       1%          3
 Cause Fear               Hex            27%        N/A       1%          4
 Corpse Rot               Necr/Air       54%        N/A       2%          2
 Poisonous Vapours        Pois/Air       54%        N/A       2%          2
 Animate Skeleton         Necr           22%        N/A       5%          1
 Apportation              Tloc           22%        N/A       5%          1
 Mephitic Cloud           Conj/Pois/Air  22%        N/A       7%          3
 Scorch                   Fire           22%        2d6       8%          2
 Anguish                  Hex/Necr       16%        N/A       10%         4
 Ignite Poison            Fire/Tmut/Pois 11%        N/A       16%         3
 Stone Arrow              Conj/Erth      22%        3d8       16%         3
 Flame Wave               Conj/Fire      11%        2d5       45%         4
 Summon Mana Viper        Hex/Summ       64%        N/A       1%          5
 Summon Forest            Summ/Tloc      25%        N/A       7%          5
 Monstrous Menagerie      Summ           37%        N/A       11%         7
 Freezing Cloud           Conj/Ice/Air   15%        6-21      32%         5
 Alistair's Intoxication  Tmut/Pois      7%         N/A       82%         5
 Blade Hands              Tmut           5%         N/A       82%         5
 Iskenderun's Battlesphe  Conj           11%        2d7       82%         5
 Spellforged Servitor     Conj/Summ      25%        N/A       91%         7
 Iron Shot                Conj/Erth      5%         9d2       100%        6
 Dragon Form              Tmut           5%         N/A       100%        7
 Discord                  Hex            27%        N/A       100%        8
 Lehudib's Crystal Spear  Conj/Erth      5%         10d3      100%        8
 Dragon's Call            Summ           37%        N/A       100%        9
 Portal Projectile        Hex/Tloc       Unusable   N/A       N/A         3
 Animate Armour           Summ/Erth      Unusable   N/A       N/A         4
 Excruciating Wounds      Necr           Unusable   N/A       N/A         5

Dungeon Overview and Level Annotations

Branches:
Dungeon (10/15)            Temple (0/1) D:7            Lair (2/6) D:9
  Swamp: Lair:2-4    Shoals: Lair:2-4     Snake: Lair:2-4    Spider: Lair:2-4
    Orc: D:9-12

Altars:
Dithmenos
Elyvilon
Gozag
Hepliaklqana
Nemelex Xobeh
Qazlal
Ru
Trog
Vehumet
Wu Jian
Yredelemnul
Zin
The Shining One

Shops:
D:1 *

Annotations:
D:8 2 transporters, LiliTe's ghost, amateur KoMo
Lair:1 2 transporters, orehx's ghost, novice DsGl


Innate Abilities, Weirdness & Mutations

You have sharp claws.
You have razor-sharp teeth.
You have supernaturally acute eyesight. (SInv)
You cover ground quickly. (Speed+)
You are covered in thick fur. (AC +2)
Your paws help you pounce on unaware monsters.
You are incapable of wielding weapons or throwing items.
You cannot wear armour.
You gain extra lives every three experience levels.


Message History

There are monsters nearby!
There are monsters nearby!
There are monsters nearby!
The wolf howls!
A wolf comes into view.
The wolf howls!
The wolf howls!
A wolf comes into view.
The wolf misses you. The wolf completely misses you. The wolf bites you.
The wolf howls!
The basilisk hisses angrily.
The wolf bites you. The wolf completely misses you. x4
The wolf completely misses you. x5
The wolf completely misses you. x3; The wolf barely misses you.
The wolf completely misses you. x2
The wolf completely misses you. The wolf closely misses you.
The wolf completely misses you. x2
The wolf completely misses you. x5
The wolf completely misses you. x3; The wolf bites you!
The wolf completely misses you. The wolf barely misses you. The wolf bites you.
The wolf completely misses you. x3
The wolf misses you. The wolf barely misses you.
The wolf completely misses you. x3; The wolf bites you.
The wolf completely misses you. x5
The wolf completely misses you. The wolf closely misses you.
The wolf completely misses you. The wolf bites you. The wolf misses you.
The wolf completely misses you. x5
The wolf completely misses you. x5
The wolf completely misses you. The wolf misses you. x3
The wolf completely misses you. The wolf misses you.
The wolf completely misses you. x4
The wolf closely misses you. The wolf barely misses you. The wolf misses you.
The wolf pauses to sniff the ground.
The wolf barely misses you. The wolf completely misses you.
The wolf completely misses you. x2; The wolf misses you. x2
The wolf completely misses you. The wolf bites you!
* * * LOW HITPOINT WARNING * * *
The wolf misses you. The wolf completely misses you. x3
The wolf misses you.
The wolf completely misses you. x2; The wolf bites you!
You die...
Your body crumbles into a pile of gold.

. . ##.. .
...# .#.#
#.⌠)#
##....###
##........
###.hh......
#...@hl.....
##...##h..#..
#...#.# ⌠..#
$ ##...###
.## #...## ..
#<.⌠# .#
#....# #
##...# #...#


You could see a basilisk and 4 wolves.

Vanquished Creatures
  A sky beast (D:6)
  A centaur zombie (D:7)
  A howler monkey skeleton (D:5)
  3 adders
  An ufetubus (D:6)
  An adder skeleton (D:4)
  A dart slug (D:3)
  5 endoplasms
  4 giant cockroaches
  A goblin (D:3)
  3 hobgoblins
  7 ball pythons
  3 bats
  2 frilled lizards (D:2)
  A kobold (D:1)
  5 rats
40 creatures vanquished.

Vanquished Creatures (collateral kills)
  2 two-headed ogres
  Erica (D:8)
  2 skeletal warriors (D:9)
  Pikel (D:9)
  A deep elf pyromancer (D:8)
  2 manticores (D:8)
  2 elephants (Lair:2)
  A cyclops (D:8)
  2 cane toads
  3 kobold demonologists (D:10)
  An unseen horror (D:8)
  3 komodo dragons
  A troll (D:9)
  2 blink frogs
  A meliai zombie (D:10)
  A shadow (D:10)
  A wyvern (D:8)
  A vampire (D:5)
  6 yaks
  2 wraiths
  2 steam dragons
  2 wargs (D:9)
  5 water moccasins
  Duvessa (D:7)
  6 orc warriors
  A black bear (D:6)
  An ice beast (D:5)
  A necrophage (D:4)
  An ogre (D:7)
  5 wolves (Lair:1)
  A centaur (D:8)
  A phantom (D:4)
  3 lemures (D:9)
  20 kobold brigands (D:10)
  8 bullfrogs
  A scorpion (D:5)
  Dowan (D:7)
  5 wights (D:8)
  2 howler monkeys (D:8)
  A jelly (D:6)
  A hound (D:4)
  3 centaur zombies (D:8)
  10 orc priests
  An iguana (D:7)
  7 orc wizards
  A killer bee zombie (D:8)
  A gnoll (D:5)
  2 adders (D:6)
  2 white imps (D:6)
  2 worms (D:2)
  A dart slug (D:1)
  23 orcs
  2 endoplasms (D:1)
  5 goblins
  10 hobgoblins
  3 jackals (D:3)
  2 quokkas (D:1)
  3 ball pythons
  5 bats
  15 kobolds
  A rat (D:1)
204 creatures vanquished.

Vanquished Creatures (others)
  Harold (D:8)
  2 centaur warriors (D:8)
  A skeletal warrior (D:9)
  An ugly thing (D:8)
  Joseph (D:8)
  A troll (D:9)
  Prince Ribbit (D:7)
  Sigmund (D:5)
  3 steam dragons
  An orc warrior (D:9)
  2 black bears
  A kobold brigand (D:8)
  2 scorpions
  2 bullfrog skeletons
  An orc priest (D:9)
  An iguana (D:6)
  An orc wizard (D:9)
  2 killer bee zombies (D:8)
  3 gnolls (D:5)
  A shadow imp (D:6)
  2 ufetubi (D:5)
  3 orcs
  2 hobgoblins (D:5)
  A ball python (D:4)
  6 plants
43 creatures vanquished.

Grand Total: 287 creatures vanquished

Notes
Turn   | Place    | Note
-------+----------+-------------------------------------------
     0 | D:1      | manyhoops the Felid Summoner began the quest for the Orb.
     0 | D:1      | Reached XP level 1. HP: 7/7 MP: 4/4
   176 | D:1      | Found a faded altar of an unknown god.
   213 | D:1      | Reached XP level 2. HP: 11/11 MP: 3/6
   218 | D:1      | Learned a level 2 spell: Call Imp
  1420 | D:1      | Found Mixarch's Assorted Antiques.
  1643 | D:2      | Reached XP level 3. HP: 13/14 MP: 7/7
  1765 | D:2      | Learned a level 3 spell: Call Canine Familiar
  2431 | D:2      | Identified 2 scrolls of acquirement
  2431 | D:2      | Acquired 757 gold pieces
  2526 | D:1      | Bought a scroll labelled OSMOCW DUAZ for 16 gold pieces
  2526 | D:1      | Bought a golden potion for 14 gold pieces
  2526 | D:1      | Bought a scroll labelled ASASHU SEST for 16 gold pieces
  2526 | D:1      | Bought a small tourmaline ring for 80 gold pieces
  2526 | D:1      | Bought a bubbling red potion for 14 gold pieces
  2526 | D:1      | Bought a viscous white potion for 14 gold pieces
  2526 | D:1      | Acquired a +6 ring of intelligence
  2650 | D:2      | Reached skill level 5 in Summonings
  2751 | D:2      | Reached XP level 4. HP: 18/18 MP: 9/9
  2946 | D:3      | Found a white marble altar of Elyvilon.
  3532 | D:3      | Acquired the Catalogue of Beguiling
  3717 | D:3      | Found a radiant altar of Vehumet.
  3960 | D:4      | Noticed a black bear
  4087 | D:4      | Learned a level 3 spell: Summon Guardian Golem
  4118 | D:4      | Killed a black bear
  4119 | D:4      | Reached XP level 5. HP: 21/21 MP: 10/10
  4150 | D:4      | Noticed a necrophage
  4237 | D:4      | Reached skill level 5 in Hexes
  4250 | D:4      | Killed a necrophage
  4251 | D:4      | Gained mutation: You are covered in thick fur. (AC +2)
                  | [Felid growth]
  4251 | D:4      | Reached XP level 6. HP: 15/24 MP: 11/11
  4984 | D:4      | Reached XP level 7. HP: 27/27 MP: 13/13
  5615 | D:5      | Entered Level 5 of the Dungeon
  5681 | D:5      | Acquired 947 gold pieces
  6047 | D:5      | Noticed a vampire
  6377 | D:5      | Reached skill level 6 in Summonings
  6746 | D:5      | Noticed Sigmund
  6852 | D:5      | Killed Sigmund
  7083 | D:5      | Killed a vampire
  7084 | D:5      | Reached skill level 5 in Spellcasting
  7084 | D:5      | Reached XP level 8. HP: 7/31 MP: 16/16
  7333 | D:5      | Learned a level 4 spell: Summon Lightning Spire
  7384 | D:5      | Found an opulent altar of Gozag.
  7404 | D:5      | Reached skill level 1 in Air Magic
  7920 | D:5      | Found a sacrificial altar of Ru.
  7921 | D:5      | Found a sparkling altar of Nemelex Xobeh.
  8035 | D:5      | Became a worshipper of Gozag Ym Sagoz the Greedy
  8357 | D:6      | Found a hazy altar of Hepliaklqana.
  8904 | D:6      | Found a stormy altar of Qazlal.
  9025 | D:6      | Reached skill level 5 in Air Magic
  9618 | D:7      | Reached XP level 9. HP: 24/34 MP: 17/17
  9757 | D:7      | Noticed Dowan
  9765 | D:7      | Noticed Duvessa
  9783 | D:7      | Killed Duvessa
  9790 | D:7      | Killed Dowan
  9791 | D:7      | Reached skill level 7 in Summonings
 10278 | D:7      | Noticed Prince Ribbit
 10295 | D:7      | Killed Prince Ribbit
 10722 | D:7      | Found a staircase to the Ecumenical Temple.
 11202 | D:8      | Reached skill level 8 in Summonings
 11299 | D:8      | Noticed Harold
 11307 | D:8      | Noticed Erica
 11310 | D:8      | Killed from afar by Harold
 11311 | D:8      | Reached XP level 8. HP: -2/31 MP: 19/27
 11388 | D:8      | Killed Erica
 11389 | D:8      | Reached skill level 9 in Summonings
 11389 | D:8      | Reached XP level 9. HP: 34/34 MP: 20/20
 11477 | D:8      | Noticed a centaur warrior
 11482 | D:8      | Noticed a komodo dragon
 11496 | D:8      | Shot with an arrow by a centaur warrior
 11497 | D:8      | Reached XP level 8. HP: -7/31 MP: 23/28
 11577 | D:8      | HP: 1/31 [centaur warrior/arrow (30)]
 11582 | D:8      | Killed a centaur warrior
 11710 | D:8      | Killed a komodo dragon
 11711 | D:8      | Reached skill level 10 in Summonings
 11718 | D:8      | Learned a level 4 spell: Summon Ice Beast
 11757 | D:8      | Noticed a deep elf pyromancer
 11997 | D:8      | Reached XP level 9. HP: 34/34 MP: 20/20
 11999 | D:8      | Noticed a purple ugly thing
 12009 | D:8      | Reached skill level 1 in Ice Magic
 12009 | D:8      | Killed a purple ugly thing
 12089 | D:8      | Killed Harold
 12383 | D:8      | Noticed Joseph
 12395 | D:8      | Killed Joseph
 12691 | D:8      | Noticed a cyclops
 12704 | D:8      | Reached skill level 5 in Dodging
 12710 | D:8      | Killed a cyclops
 12711 | D:8      | Reached XP level 10. HP: 31/37 MP: 15/21
 13008 | D:8      | Killed a deep elf pyromancer
 13257 | D:8      | Found an ornate altar of the Wu Jian Council.
 13279 | D:8      | Noticed a two-headed ogre
 13291 | D:8      | Killed a two-headed ogre
 13826 | D:8      | Found a transporter.
 13826 | D:8      | Noticed LiliTe's ghost (amateur KoMo)
 13845 | D:8      | Found a transporter.
 13930 | D:8      | Noticed a manticore
 13935 | D:8      | Noticed a centaur warrior
 13939 | D:8      | Killed a manticore
 13945 | D:8      | Killed a centaur warrior
 13946 | D:8      | Reached skill level 10 in Dodging
 13947 | D:8      | Noticed a manticore
 13962 | D:8      | Killed a manticore
 14466 | D:9      | Reached XP level 11. HP: 40/40 MP: 24/24
 14911 | D:9      | Noticed a skeletal warrior
 14914 | D:9      | Noticed a skeletal warrior
 14922 | D:9      | Killed by an exploding themself... ignited by their inner
                  | flame
 14923 | D:9      | Reached XP level 10. HP: -8/37 MP: 21/32
 14948 | D:9      | Found a staircase to the Lair.
 14952 | D:9      | Noticed a skeletal warrior
 14957 | D:9      | Killed a skeletal warrior
 14958 | D:9      | Reached skill level 11 in Summonings
 14959 | D:9      | Killed a skeletal warrior
 14967 | D:9      | Killed a skeletal warrior
 15281 | D:9      | Noticed Pikel
 15292 | D:9      | Killed Pikel
 15293 | D:9      | Reached skill level 12 in Summonings
 15334 | D:9      | Learned a level 6 spell: Summon Cactus Giant
 15759 | D:9      | Found a shadowy altar of Dithmenos.
 15875 | D:10     | Entered Level 10 of the Dungeon
 16032 | D:10     | Noticed a sun demon
 16034 | D:10     | Reached XP level 11. HP: 37/40 MP: 7/24
 16195 | D:10     | Found a glowing silver altar of Zin.
 16238 | D:10     | Noticed a two-headed ogre
 16263 | D:10     | Killed a two-headed ogre
 16404 | D:10     | Reached skill level 13 in Summonings
 17123 | D:10     | Found a basalt altar of Yredelemnul.
 17125 | D:10     | Noticed a profane servitor
 17133 | D:10     | Found a glowing golden altar of the Shining One.
 17151 | D:10     | Noticed an angel
 17343 | D:10     | Found a bloodstained altar of Trog.
 17454 | Lair:1   | Entered Level 1 of the Lair of Beasts
 17675 | Lair:1   | Found a transporter.
 17682 | Lair:1   | Noticed orehx's ghost (novice DsGl)
 17682 | Lair:1   | Found the +0 pair of fencer's gloves {Riposte Dex+3}
 17699 | Lair:1   | Found a transporter.
 18603 | Lair:2   | Reached skill level 14 in Summonings
 19178 | Lair:2   | Learned a level 2 spell: Ensorcelled Hibernation
 19609 | Lair:2   | Slain by a wolf

Illustrated notes

Levels and vault maps discovered:
D:1:      dpeg_arrival_lava_temple_mockup, layout_basic, serial_shops, shop,
          chequers_ecumenical_altar_simple
D:2:      layout_rooms, minmay_misc_feat_columns, minmay_tetromino_i2
D:3:      layout_loops_corners, lemuel_round_altar,
          nicolae_elyvilon_peaceful_grove
D:4:      layout_loops_cross
D:5:      layout_loops_ring, mainiacjoe_overflow_catwalk,
          gammafunk_temple_overflow_pools, sigmund_army
D:6:      layout_basic, mainiacjoe_overflow_paths,
          nicolae_qazlal_scattered_showers, minmay_misc_feat_nine_boxes,
          nicolae_sextant
D:7:      layout_basic, minmay_temple_entry_from_below_a, uniq_duvessa,
          uniq_prince_ribbit1
D:8:      hangedman_cross_veins, layout_basic, nicolae_overflow_crystal_walls,
          gammafunk_ghost_stat_death, minmay_manual_mail, uniq_erica,
          uniq_joseph, uniq_harold
D:9:      layout_basic, lemuel_coloured_pillars_altar,
          erik_lair_orcish_takeover, uniq_pikel
D:10:     layout_roguey [special_room_kobold], grunt_temple_overflow_holy_war,
          zin_statuary, lemuel_round_altar
Lair:1:   layout_roguey, gammafunk_ghost_berserking_beasts, grunt_megastairs_2
Lair:2:   layout_hall_layers, minmay_swamp_entry_worms,
          hellmonk_ghost_happy_afterlife, nzn_sisyphean_effort,
          grunt_megastairs_5, infiniplex_staircase_pool_2, lemuel_fruit_tree,
          serial_bayou_shore_b, uniq_fannar

Skill      XL: |  1  2  3  4  5  6  7  8  9 10 11 |
---------------+----------------------------------+-----
Spellcasting   | 3 5 7 6 8 |  8.2
Summonings     | 5 6 10 8 12 14 | 14.6
Hexes          | 4 6 8 |  8.2
Air Magic      | 6 |  6.0
Ice Magic      | 4 |  4.7
Dodging        | 6 11 13 | 13.2
Stealth        | |  2.6

Action                   |  1- 3 |  4- 6 |  7- 9 | 10-12 || total
-------------------------+-------+-------+-------+-------++-------
Melee: Unarmed           |    67 |    68 |    64 |    13 ||   212
       Bite              |     5 |     7 |     8 |     1 ||    21
       Punch             |     1 |     1 |     1 |       ||     3
 Cast: Summon Small Mamm |    38 |    12 |    12 |       ||    62
       Call Imp          |    12 |     1 |     1 |       ||    14
       Call Canine Famil |     5 |    16 |    59 |    30 ||   110
       Summon Guardian G |       |     4 |    46 |    22 ||    72
       Summon Lightning  |       |       |    21 |    29 ||    50
       Summon Ice Beast  |       |       |       |    38 ||    38
       Summon Cactus Gia |       |       |       |    22 ||    22
       Ensorcelled Hiber |       |       |       |     1 ||     1
Invok: Potion Petition   |       |       |     1 |       ||     1
  Use: Scroll            |     2 |     5 |     6 |     9 ||    22
       Potion            |       |     1 |     3 |     1 ||     5
 Stab: Sleeping          |     1 |     1 |       |     1 ||     3
       Distracted        |       |       |     1 |       ||     1
Armor: Skin              |     7 |     8 |    10 |     4 ||    29
Dodge: Dodged            |    77 |    90 |    98 |   192 ||   457

Table legend: (Time is in decaauts)
 A = Elapsed time spent in this place.
 B = Non-inter-level travel time spent in this place.
 C = Inter-level travel time spent in this place.
 D = Time resting spent in this place.
 E = Time spent auto-exploring this place.
 F = Levels seen in this place.
 G = Mean time per level.
                   A        B        C        D        E       F      G
               +--------+--------+--------+--------+--------+-----+--------+
         Total |  17911 |  17428 |    483 |   3783 |   9933 |  12 | 1492.6 |
       Dungeon |  15924 |  15545 |    379 |   3260 |   8849 |  10 | 1592.4 |
          Lair |   1987 |   1884 |    103 |    523 |   1084 |   2 |  993.5 |
               +--------+--------+--------+--------+--------+-----+--------+

Top non-repeatable levels by time:
     D:8: 2918 daAuts
     D:5: 2273 daAuts
     D:7: 1707 daAuts
     D:1: 1588 daAuts
  Lair:1: 1517 daAuts
     D:4: 1469 daAuts
    D:10: 1417 daAuts
     D:9: 1302 daAuts
     D:6: 1204 daAuts
     D:2: 1052 daAuts
     D:3: 991 daAuts
  Lair:2: 470 daAuts
